 Dungeon Crawl Stone Soup version 0.22.1-2-g9c5b331 (webtiles) character file.

63 whitewolfNL the Cudgeler (level 3, 0/49 HPs)
             Began as a Minotaur Berserker on Nov 28, 2018.
             Was a Believer of Trog.
             Killed by divine providence
             ... invoked by an orc priest
              (13 damage)
             ... on level 3 of the Dungeon.
             The game lasted 00:06:06 (1907 turns).

whitewolfNL the Cudgeler (Minotaur Berserker)       Turns: 1907, Time: 00:06:07

Health: 0/49       AC:  3    Str: 26    XL:     3   Next: 87%
Magic:  2/2        EV: 12    Int:  5    God:    Trog [**....]
Gold:   69         SH:  0    Dex: 11    Spells: 2/2 levels left

rFire    . . .     SeeInvis .   p - +0 flail
rCold    . . .     Gourm    .   (no shield)
rNeg     . . .     Faith    .   f - +0 leather armour
rPois    .         Spirit   .   (helmet restricted)
rElec    .         Reflect  .   (no cloak)
rCorr    .         Harm     .   (no gloves)
MR       .....                  (no boots)
Stlth    ..........             (no amulet)
HPRegen  0.16/turn              a - +2 ring of dexterity
MPRegen  0.08/turn              (no ring)

@: berserking, very quick
A: retaliatory headbutt, horns 2
a: Berserk, Trog's Hand, Renounce Religion


You were on level 3 of the Dungeon.
You worshipped Trog.
Trog was pleased with you.
You were hungry.

You visited 1 branch of the dungeon, and saw 3 of its levels.

You collected 69 gold pieces.

Inventory:

Hand Weapons
 p - a +0 flail (weapon)
Missiles
 k - 18 sling bullets
 n - a throwing net (quivered)
Armour
 f - a +0 leather armour (worn)
Jewellery
 a - a +2 ring of dexterity (left hand)
Scrolls
 b - 2 scrolls of blinking
 e - 2 scrolls of remove curse
 i - a scroll of enchant armour
 q - a scroll of teleportation {unknown}
Potions
 d - a potion of heal wounds {unknown}
 g - a potion of ambrosia {unknown}
 h - a potion of flight {unknown}
 o - a potion of lignification {unknown}
 r - 3 potions of curing
Comestibles
 c - 2 rations
 m - a chunk of flesh


   Skills:
 + Level 4.1 Fighting
 * Level 4.6 Maces & Flails
 * Level 2.9 Armour
 * Level 2.6 Dodging
 * Level 0.7 Stealth


You had 2 spell levels left.
You didn't know any spells.
Your spell library was empty.

Dungeon Overview and Level Annotations

Branches:
Dungeon (3/15)

Altars:


Innate Abilities, Weirdness & Mutations

You reflexively headbutt those who attack you in melee.
You have a pair of horns on your head.


Message History

The orc hits you with a club.
You hit the orc. Your headbutt misses the orc.
The orc is lightly wounded.
The orc priest mumbles some strange prayers to Beogh against you.
Beogh smites you!
You closely miss the orc. Your headbutt misses the orc.
The orc is lightly wounded.
The orc hits you with a club.
You barely miss the orc.
The orc is lightly wounded.
The orc priest mumbles some strange prayers to Beogh against you.
Beogh smites you!
* * * LOW HITPOINT WARNING * * *
You closely miss the orc warrior. You headbutt the orc warrior.
The orc warrior is lightly wounded.
You sock the orc warrior!
The orc warrior is heavily wounded.
The orc priest calls down the wrath of Beogh upon you.
Beogh smites you!
You die...

.#.#.# #.#.#.#
#.#.#.# #.#.#.#
.#########.#.#.###
.o...oo@...#.#.#<###
.............#.....#
........#....#...).#
........#..........#
#########..........#
#...?......#
#..........#
#..........#
#..........#


You could see an orc warrior, an orc priest and an orc.

Vanquished Creatures
  An adder (D:2)
  An adder skeleton (D:2)
  2 worms (D:2)
  2 dart slugs (D:1)
  2 leopard geckos (D:2)
  5 bats
  3 giant cockroaches (D:2)
  5 goblins
  3 hobgoblins
  2 jackals (D:2)
  A ball python (D:1)
  4 frilled lizards
  6 kobolds
  4 rats
41 creatures vanquished.

Notes
Turn   | Place    | Note
-------+----------+-------------------------------------------
     0 | D:1      | whitewolfNL the Minotaur Berserker began the quest for the
                  | Orb.
     0 | D:1      | Reached XP level 1. HP: 19/19 MP: 0/0
   372 | D:1      | Reached XP level 2. HP: 27/27 MP: 1/1
  1169 | D:2      | Reached XP level 3. HP: 32/33 MP: 2/2
  1386 | D:2      | Reached ** piety under Trog
  1900 | D:3      | Noticed an orc warrior
  1907 | D:3      | Killed from afar by an orc priest

Skill      XL: |  1  2 |
---------------+-------+-----
Maces & Flails | 4 |  4.6
Fighting       | 4 |  4.1
Armour         | |  2.9
Dodging        | |  2.6
Stealth        | |  0.7

Action                   || total
-------------------------++-------
Melee: Mace              ||    41
       Headbutt          ||     9
       Flail             ||    31
Invok: Berserk           ||     1
  Use: Scroll            ||     5
  Eat: Chunk             ||     3
Armor: Leather armour    ||    20
Dodge: Dodged            ||    61
